 Dungeon Crawl Stone Soup version 0.28-a0-1087-gf3fc490d9d (webtiles) character file.

Game seed: 7619190416836451254

562 a11behringer the Slasher (level 7, 0/61 HPs)
             Began as a Yellow Draconian Cinder Acolyte on Dec 11, 2021.
             Was a High Priest of Ignis.
             Killed from afar by an orc wizard (7 damage)
             ... with a magic dart
             ... on level 5 of the Dungeon.
             The game lasted 00:10:46 (5277 turns).

a11behringer the Slasher (DrCA)                     Turns: 5277, Time: 00:10:49

Health: 0/61       AC: 10    Str: 16    XL:     7   Next: 10%
Magic:  8/8        EV: 12    Int: 16    God:    Ignis [*****.]
Gold:   130        SH:  0    Dex:  7    Spells: 6/8 levels left

rFire   + . .      SeeInvis .   a - -1 falchion (flame)
rCold   + . .      Faith    .   (no shield)
rNeg    . . .      Spirit   .   (armour unavailable)
rPois   .          Reflect  .   (helmet restricted)
rElec   .          Harm     .   (no cloak)
rCorr   +          Rampage  .   h - +0 pair of gloves
Will    .....                   l - +2 pair of boots
Stlth   +.........              (no amulet)
HPRegen 0.20/turn               c - ring of resist corrosion
MPRegen 0.11/turn               i - ring of protection from cold

@: confused
A: spit acid, AC +6, unfitting armour, cold-blooded, acid resistance
a: Breathe Acid, Renounce Religion, Fiery Armour, Foxfire Swarm, Rising Flame


You were on level 5 of the Dungeon.
You worshipped Ignis.
Ignis was extremely pleased with you.
You visited 1 branch of the dungeon, and saw 5 of its levels.

You collected 130 gold pieces.

Inventory:

Hand Weapons
 a - a -1 falchion of flaming (weapon)
 m - a +2 dagger of protection
Armour
 h - a +0 pair of gloves (worn)
 l - a +2 pair of boots (worn)
Jewellery
 c - a ring of resist corrosion (left hand)
 i - a ring of protection from cold (right hand)
Scrolls
 j - a scroll of teleportation
 k - a scroll of summoning {unknown}
Potions
 b - a potion of attraction {unknown}
 d - a potion of brilliance {unknown}
 e - 3 potions of heal wounds {unknown}
 f - a potion of flight {unknown}
 g - 2 potions of curing {unknown}


   Skills:
 + Level 5.0 Fighting
 + Level 6.2 Long Blades
 + Level 2.4 Dodging
 + Level 1.3 Stealth
 + Level 1.0 Spellcasting
 + Level 3.3 Fire Magic


You had 6 spell levels left.
You knew the following spells:

 Your Spells              Type           Power      Damage    Failure   Level
a - Scorch                Fire           22%        2d6       9%          2

Your spell library contained the following spells:

 Spells                   Type           Power      Damage    Failure   Level
 Apportation              Tloc           0%         N/A       22%         1
 Alistair's Intoxication  Tmut/Pois      0%         N/A       99%         5


Dungeon Overview and Level Annotations

Branches:
Dungeon (5/15)
 Temple: D:4-7

Altars:
Fedhas
Yredelemnul

Shops:
D:3 (

Annotations:
D:4 2 transporters, tkon's ghost, amateur HOFi


Innate Abilities, Weirdness & Mutations

You can spit globs of acid.
Your golden yellow scales are hard. (AC +6)
You cannot fit into any form of body armour.
You are cold-blooded and may be slowed by cold attacks.
You are resistant to acid. (rCorr)


Message History

The orc closely misses you.
You miss the orc wizard.
Your tail-slap misses the orc wizard.
You feel less confused. The orc wizard barely misses you.
The orc wizard hits you but does no damage.
The orc misses you.
You barely miss the orc.
The orc is severely wounded.
The orc wizard closely misses you.
The orc wizard hits you but does no damage.
The orc hits you with a +0 mace.
* * * LOW HITPOINT WARNING * * *
You slash the orc! You burn the orc.
You kill the orc!
The orc wizard hits you with a +0 dagger.
* * * LOW HITPOINT WARNING * * *
The orc wizard hits you but does no damage.
The orc wizard gestures at you while chanting.
You are confused.
The orc wizard hits you but does no damage.
Things that are here:
a +0 mace; a +0 leather armour You're too confused to move!
The jelly hits you but does no damage.
The orc wizard hits you but does no damage.
The orc wizard gestures at you while chanting.
The puff of flame misses you.
The puff of flame hits the orc wizard.
The orc wizard dies!
You hit the jelly. You burn the jelly.
Your hands burn!
* * * LOW HITPOINT WARNING * * *
You tail-slap the jelly.
The jelly is heavily wounded.
The jelly hits you but does no damage. The orc wizard closely misses you.
The jelly hits you.
* * * LOW HITPOINT WARNING * * *
You are splashed with acid.
You resist.
* * * LOW HITPOINT WARNING * * *
An ogre comes into view. It is wielding a +0 giant club.
The orc wizard gestures at you while chanting.
The magic dart hits you!
You die...

..#.......# #....#.. .#.......#
.##....#.. '.......+. ........#..
.. #.......#..........#.. . ...
#.......##'####....#..
'########'##.............#....'..
.........O...............######..
.................[)).............
...............J@.)..............
...............o.................
<..........[)....................
.)................(..............
.####################......#####.
#....).# #. #......# #. #......#
#. #......# #.


You could see an ogre (wandering), a jelly and an orc wizard.

Vanquished Creatures
  A black bear (D:3)
  A necrophage (D:4)
  An ogre (D:5)
  A centaur skeleton (D:4)
  2 orc priests
  A hound skeleton (D:5)
  4 gnolls (D:4)
  2 adders
  3 worms
  2 dart slugs
  13 orcs
  6 ball pythons
  3 bats
  6 endoplasms
  7 giant cockroaches
  10 goblins
  5 hobgoblins
  7 jackals
  5 quokkas
  4 frilled lizards
  9 kobolds
  6 rats
99 creatures vanquished.

Vanquished Creatures (others)
  An orc wizard (D:5)
1 creature vanquished.

Grand Total: 100 creatures vanquished

Notes
Turn   | Place    | Note
-------+----------+-------------------------------------------
     0 | D:1      | a11behringer the Draconian Cinder Acolyte began the quest
                  | for the Orb.
     0 | D:1      | Reached XP level 1. HP: 19/19 MP: 2/2
   344 | D:1      | Reached XP level 2. HP: 25/26 MP: 3/3
   354 | D:1      | Learned a level 2 spell: Scorch
   880 | D:1      | Reached XP level 3. HP: 33/33 MP: 4/4
  1506 | D:2      | Found a faded altar of an unknown god.
  1569 | D:2      | You fall into a shaft and drop 1 floor!
  1672 | D:3      | Noticed a black bear
  1698 | D:3      | Killed a black bear
  1699 | D:3      | Reached skill level 4 in Long Blades
  1699 | D:3      | Reached skill level 1 in Dodging
  1699 | D:3      | Reached XP level 4. HP: 36/40 MP: 5/5
  1701 | D:3      | Reached XP level 5. HP: 42/46 MP: 6/6
  1795 | D:2      | Found a blossoming altar of Fedhas.
  2850 | D:3      | Found Yskezot's Weapon Shop.
  2891 | D:3      | Found a basalt altar of Yredelemnul.
  3170 | D:4      | Reached skill level 5 in Long Blades
  3463 | D:4      | Noticed a necrophage
  3472 | D:4      | Killed a necrophage
  3473 | D:4      | Reached XP level 6. HP: 48/53 MP: 7/7
  3920 | D:4      | Found a transporter.
  4233 | D:4      | Noticed a small abomination
  4263 | D:4      | Noticed a small abomination
  4266 | D:4      | Noticed tkon's ghost (amateur HOFi)
  4267 | D:4      | Noticed a small abomination
  4272 | D:4      | Found a transporter.
  4642 | D:5      | Entered Level 5 of the Dungeon
  4731 | D:5      | Reached skill level 5 in Fighting
  4731 | D:5      | Reached skill level 6 in Long Blades
  4731 | D:5      | Reached skill level 1 in Stealth
  4900 | D:5      | HP: 2/56 [orc priest (1)]
  4904 | D:5      | Your scales start taking on a golden yellow colour.
  4904 | D:5      | Reached XP level 7. HP: 3/61 MP: 8/8
  4904 | D:5      | Gained mutation: You are resistant to acid. (rCorr) [Yellow
                  | Draconian growth]
  5277 | D:5      | Killed from afar by an orc wizard

Illustrated notes

Levels and vault maps discovered:
D:1:      saegor_arrival_simple_d, layout_loops_corners, minmay_misc_feat_x
D:2:      layout_basic, basic_altar, shapermc_ecumenical_altar_starsandcircs
D:3:      layout_basic, lemuel_crystal_altar, serial_shops,
          nicolae_shop_bloodbath_and_beyond
D:4:      layout_loops_corners, gammafunk_ghost_abyssal_escape
D:5:      layout_gridville, minmay_manual_mess

Skill      XL: |  1  2  3  4  5  6 |
---------------+-------------------+-----
Fighting       | 4 5 |  5.0
Long Blades    | 4 5 6 |  6.2
Dodging        | 1 2 |  2.4
Stealth        | 1 |  1.3
Spellcasting   | |  1.0
Fire Magic     | |  3.3

Action                   |  1- 3 |  4- 6 |  7- 9 || total
-------------------------+-------+-------+-------++-------
Melee: Falchion          |   115 |   202 |    20 ||   337
       Tailslap          |     3 |    17 |     2 ||    22
Invok: Fiery Armour      |     1 |     2 |       ||     3
 Abil: Breathe Acid      |       |       |     2 ||     2
  Use: Scroll            |     4 |       |       ||     4
 Stab: Sleeping          |       |     2 |       ||     2
Armor: Skin              |    47 |    69 |    21 ||   137
Dodge: Dodged            |    67 |   101 |    23 ||   191

Table legend: (Time is in decaauts)
 A = Elapsed time spent in this place.
 B = Non-inter-level travel time spent in this place.
 C = Inter-level travel time spent in this place.
 D = Time resting spent in this place.
 E = Time spent auto-exploring this place.
 F = Levels seen in this place.
 G = Mean time per level.
                   A        B        C        D        E       F      G
               +--------+--------+--------+--------+--------+-----+--------+
         Total |   5302 |   5021 |    281 |    278 |   3991 |   5 | 1060.4 |
       Dungeon |   5302 |   5021 |    281 |    278 |   3991 |   5 | 1060.4 |
               +--------+--------+--------+--------+--------+-----+--------+

Top non-repeatable levels by time:
     D:4: 1702 daAuts
     D:1: 1499 daAuts
     D:2: 918 daAuts
     D:3: 744 daAuts
     D:5: 437 daAuts
